 Dungeon Crawl Stone Soup version 0.29-a0-25-g7f48f510a0 (webtiles) character file.

Game seed: 11551291306654993960

734 lunkers the Shooter (level 7, -1/66 HPs)
             Began as a Minotaur Hunter on Jan 29, 2022.
             Was an Initiate of Okawaru.
             Slain by Pikel (4 damage)
             ... on level 5 of the Dungeon on Jan 31, 2022.
             The game lasted 00:08:19 (3426 turns).

lunkers the Shooter (Minotaur Hunter)               Turns: 3426, Time: 00:08:19

Health: -1/66      AC:  8    Str: 18    XL:     7   Next: 45%
Magic:  6/6        EV: 11    Int:  8    God:    Okawaru [......]
Gold:   323        SH:  0    Dex: 11    Spells: 6/6 levels left

rFire   . . .      SeeInvis +   a - +2 shortbow
rCold   . . .      Faith    .   (shield currently unavailable)
rNeg    . . .      Spirit   .   o - +0 ring mail
rPois   .          Reflect  .   (helmet restricted)
rElec   .          Harm     .   t - +2 cloak
rCorr   +          Rampage  .   (no gloves)
Will    .....                   (no boots)
Stlth   +.........              (no amulet)
HPRegen 0.21/turn               n - ring of see invisible
MPRegen 0.10/turn               r - ring of resist corrosion

@: no status effects
A: horns 2, retaliatory headbutt
a: Renounce Religion


You were on level 5 of the Dungeon.
You worshipped Okawaru.
Okawaru was noncommittal.
You visited 2 branches of the dungeon, and saw 6 of its levels.

You collected 323 gold pieces.

Inventory:

Hand Weapons
 a - a +2 shortbow (weapon)
 b - a +0 short sword
Missiles
 d - 28 arrows (quivered ammo)
Armour
 c - a +0 leather armour
 o - a +0 ring mail (worn)
 t - a +2 cloak (worn)
Jewellery
 n - a ring of see invisible (left hand)
 r - a ring of resist corrosion (right hand)
 s - an amulet of magic regeneration
Scrolls
 e - a scroll of enchant weapon
 f - 2 scrolls of teleportation
 i - 4 scrolls of fog
 m - 5 scrolls of identify {unknown}
 p - a scroll of fear {unknown}
 q - a scroll of enchant armour {unknown}
Potions
 h - a potion of might {unknown}
 u - a potion of flight {unknown}
 v - a potion of cancellation {unknown}


   Skills:
 + Level 7.4 Fighting
 + Level 7.8 Bows
 - Level 2.1 Dodging
 - Level 0.7 Stealth


You had 6 spell levels left.
You didn't know any spells.
Your spell library contained the following spells:

 Spells                   Type           Power      Damage    Failure   Level
 Apportation              Tloc           0%         N/A       61%         1
 Beastly Appendage        Tmut           0%         N/A       61%         1
 Wereblood                Tmut           0%         N/A       75%         2
 Inner Flame              Hex/Fire       0%         N/A       93%         3
 Spider Form              Tmut/Pois      0%         N/A       93%         3
 Cause Fear               Hex            0%         N/A       100%        4
 Discord                  Hex            0%         N/A       100%        8
 Animate Skeleton         Necr           Unusable   N/A       N/A         1
 Summon Small Mammal      Summ           Unusable   N/A       N/A         1

Dungeon Overview and Level Annotations

Branches:
Dungeon (5/15)             Temple (1/1) D:4

Altars:
Ashenzari
Elyvilon
Fedhas
Gozag
Hepliaklqana
Kikubaaqudgha
Nemelex Xobeh
Okawaru
Sif Muna
Uskayaw
Vehumet
Wu Jian
Xom
Zin
The Shining One

Annotations:
D:5 Pikel


Innate Abilities, Weirdness & Mutations

You have a pair of horns on your head.
You reflexively headbutt those who attack you in melee.


Message History

* * * LOW HITPOINT WARNING * * *
Fire: 32 arrows
Press: ? - help, Q - select action Shift-Dir - straight line, f/p - Pikel
Aim: Pikel, wielding a +0 whip of freezing and wearing a +2 robe of willpower (severely wounded, 59% to hit)
You shoot an arrow.
The arrow hits Pikel but does no damage.
Pikel is severely wounded.
Unknown command.
Unknown command.
Fire: 31 arrows
Press: ? - help, Q - select action Shift-Dir - straight line, f/p - Pikel
Aim: Pikel, wielding a +0 whip of freezing and wearing a +2 robe of willpower (severely wounded, 59% to hit)
You shoot an arrow. The arrow barely misses Pikel.
The arrow barely misses the lemure.
The arrow hits the lemure!
The lemure is almost dead.
Pikel misses you. You furiously retaliate!
You headbutt Pikel, but do no damage.
Unknown command.
Unknown command.
Fire: 30 arrows
Press: ? - help, Q - select action Shift-Dir - straight line, f/p - Pikel
Aim: Pikel, wielding a +0 whip of freezing and wearing a +2 robe of willpower (severely wounded, 59% to hit)
You shoot an arrow.
The arrow hits Pikel but does no damage.
Pikel is severely wounded.
Pikel hits you with a +0 whip of freezing.
* * * LOW HITPOINT WARNING * * *
Pikel freezes you.
* * * LOW HITPOINT WARNING * * *
Fire: 29 arrows
Press: ? - help, Q - select action Shift-Dir - straight line, f/p - Pikel
Aim: Pikel, wielding a +0 whip of freezing and wearing a +2 robe of willpower (severely wounded, 59% to hit)
You shoot an arrow.
The arrow hits Pikel but does no damage.
Pikel is severely wounded.
Pikel hits you with a +0 whip of freezing!
* * * LOW HITPOINT WARNING * * *
Pikel freezes you.
You die...

.#.#...#.## ...# .#.#.<....# #..
#.# #.## .#.#......# #...#.# #...
.#........# ...#.# #..#
.#........... ..#.# #..#
.#.####...### ...###..##
.#.......... ....#....
.########################..##...#
................@K555...(().....#
###########################..#..#
#####..... #.....K... #.........
#......(.. #......... #.....((..
#....(....


You could see Pikel and 3 lemures.

Vanquished Creatures
  Sigmund (D:5)
  A sky beast (D:4)
  2 phantoms (D:5)
  A scorpion (D:5)
  3 hounds
  An iguana (D:3)
  An orc wizard (D:3)
  3 gnolls (D:2)
  3 adders
  An adder skeleton (D:4)
  An adder zombie (D:5)
  2 worms
  2 dart slugs
  5 orcs (D:3)
  4 bats
  3 endoplasms
  2 giant cockroaches (D:2)
  6 goblins
  7 hobgoblins
  5 jackals
  5 quokkas
  5 ball pythons
  3 frilled lizards
  3 kobolds
  5 rats
75 creatures vanquished.

Notes
Turn   | Place    | Note
-------+----------+-------------------------------------------
     0 | D:1      | lunkers the Minotaur Hunter began the quest for the Orb.
     0 | D:1      | Reached XP level 1. HP: 18/18 MP: 0/0
   219 | D:1      | Reached XP level 2. HP: 23/26 MP: 1/1
   773 | D:1      | Found a faded altar of an unknown god.
   935 | D:2      | Reached skill level 5 in Bows
   935 | D:2      | Reached XP level 3. HP: 27/33 MP: 2/2
  1187 | D:2      | Reached XP level 4. HP: 38/40 MP: 3/3
  1998 | D:3      | Reached XP level 5. HP: 47/47 MP: 4/4
  2048 | D:3      | Found a hazy altar of Hepliaklqana.
  2248 | D:3      | Reached skill level 5 in Fighting
  2703 | D:4      | Found a staircase to the Ecumenical Temple.
  2828 | D:4      | Noticed a sky beast
  2834 | D:4      | Killed a sky beast
  2835 | D:4      | Reached XP level 6. HP: 46/57 MP: 5/5
  3018 | Temple   | Entered the Ecumenical Temple
  3178 | D:4      | Upgraded the game from 0.29-a0-11-ga75d3d97ab to
                  | 0.29-a0-25-g7f48f510a0
  3188 | D:5      | Entered Level 5 of the Dungeon
  3203 | D:5      | Found an iron altar of Okawaru.
  3229 | D:5      | Became a worshipper of Warmaster Okawaru
  3252 | D:5      | Reached XP level 7. HP: 64/64 MP: 6/6
  3384 | D:5      | Noticed Sigmund
  3388 | D:5      | Noticed Pikel
  3405 | D:5      | Killed Sigmund
  3426 | D:5      | HP: 3/66 [Pikel (7)]
  3426 | D:5      | Slain by Pikel

Illustrated notes

Levels and vault maps discovered:
D:1:      saegor_arrival_simple_b, layout_basic,
          shapermc_ecumenical_altar_acropolis
D:2:      layout_basic, st_stairs_2, chequers_serial_rivers_large_b,
          kennysheep_minor_cross
D:3:      layout_rooms, mainiacjoe_overflow_alcove_1
D:4:      layout_cave_pools, minmay_temple_entry_trees
D:5:      layout_basic, okawaru_trees_2, lemuel_zombie_altar_yredelemnul,
          uniq_sigmund, uniq_pikel
Temple:   nicolae_temple_god_jail

Skill      XL: |  1  2  3  4  5  6  7 |
---------------+----------------------+-----
Fighting       | 3 4 5 6 7 |  7.4
Bows           | 5 6 7 |  7.8
Dodging        | |  2.1
Stealth        | |  0.7

Action                   |  1- 3 |  4- 6 |  7- 9 || total
-------------------------+-------+-------+-------++-------
 Fire: Shortbow          |    51 |   150 |    24 ||   225
  Use: Scroll            |       |     7 |       ||     7
Armor: Leather armour    |     3 |     7 |       ||    10
       Ring mail         |       |     9 |     2 ||    11
Dodge: Dodged            |     8 |    32 |     4 ||    44

Table legend: (Time is in decaauts)
 A = Elapsed time spent in this place.
 B = Non-inter-level travel time spent in this place.
 C = Inter-level travel time spent in this place.
 D = Time resting spent in this place.
 E = Time spent auto-exploring this place.
 F = Levels seen in this place.
 G = Mean time per level.
                   A        B        C        D        E       F      G
               +--------+--------+--------+--------+--------+-----+--------+
         Total |   3452 |   3340 |    112 |      0 |   2737 |   6 |  575.3 |
       Dungeon |   3300 |   3202 |     98 |      0 |   2709 |   5 |  660.0 |
        Temple |    152 |    139 |     13 |      0 |     28 |   1 |  152.0 |
               +--------+--------+--------+--------+--------+-----+--------+

Top non-repeatable levels by time:
     D:2: 881 daAuts
     D:1: 792 daAuts
     D:4: 699 daAuts
     D:3: 692 daAuts
     D:5: 234 daAuts
  Temple: 152 daAuts
